 Dungeon Crawl Stone Soup version 0.29-a0-490-g77b3608bb8 (webtiles) character file.

Game seed: 5277358509238210410

56 happo123 the Sneak (level 4, -6/25 HPs)
             Began as a Kobold Enchanter on May 26, 2022.
             Mangled by a gnoll
             ... wielding a +0 flail
              (7 damage)
             ... on level 2 of the Dungeon.
             The game lasted 00:06:21 (1877 turns).

happo123 the Sneak (Kobold Enchanter)               Turns: 1877, Time: 00:06:22

Health: -6/25      AC:  2    Str:  5    XL:     4   Next: 15%
Magic:  3/7        EV: 15    Int: 18    God:
Gold:   83         SH:  0    Dex: 15    Spells: 3/8 levels left

rFire   . . .      SeeInvis .   a - +1 dagger
rCold   . . .      Faith    .   (no shield)
rNeg    . . .      Spirit   .   b - +0 robe
rPois   .          Reflect  .   (no helmet)
rElec   .          Harm     .   (no cloak)
rCorr   .          Rampage  .   (no gloves)
Will    .....                   (no boots)
Stlth   ++++......              (no amulet)
HPRegen 0.08/turn               (no ring)
MPRegen 0.10/turn               (no ring)

@: no status effects
A: small, no large weapons, nightstalker 3
a: no special abilities


You were on level 2 of the Dungeon.
You visited 1 branch of the dungeon, and saw 2 of its levels.

You collected 83 gold pieces.

Inventory:

Hand Weapons
 a - a +1 dagger (weapon)
Armour
 b - a +0 robe (worn)
 i - a +0 leather armour
Scrolls
 d - 2 scrolls of identify {unknown}
 e - a scroll of vulnerability {unknown}
 f - a scroll of teleportation {unknown}
 g - 2 scrolls of noise {unknown}
 h - a scroll of blinking {unknown}
 l - a scroll of fear {unknown}
 m - a scroll of poison {unknown}
Potions
 c - 2 potions of invisibility
 j - 2 potions of curing {unknown}
 k - a potion of mutation {unknown}


   Skills:
 + Level 1.0 Fighting
 + Level 2.2 Short Blades
 + Level 2.9 Dodging
 + Level 4.4 Stealth
 + Level 2.6 Spellcasting
 * Level 3.5 Hexes


You had 3 spell levels left.
You knew the following spells:

 Your Spells              Type           Power      Damage    Failure   Level
a - Ensorcelled Hibernat  Hex/Ice        16%        N/A       12%         2
b - Tukima's Dance        Hex            15%        N/A       12%         3

Your spell library contained the following spells:

 Spells                   Type           Power      Damage    Failure   Level
 Confusing Touch          Hex            15%        N/A       12%         3
 Dazzling Flash           Conj/Hex       16%        N/A       24%         3
 Spider Form              Tmut/Pois      2%         N/A       45%         3
 Anguish                  Hex/Necr       4%         N/A       63%         4


Dungeon Overview and Level Annotations

Branches:
Dungeon (2/15)

Altars:


Innate Abilities, Weirdness & Mutations

You are small and have problems with some larger weapons.
You are completely attuned to the shadows.


Message History

A bat comes into view.
The helpless bat fails to defend itself.
You impale the bat!!
You kill the bat!
A gnoll comes into view. It is wielding a +0 flail.
The gnoll shouts!
You hear a shout! x2
A gnoll comes into view. It is wielding a +0 flail.
A gnoll comes into view. It is wielding a +0 whip.
You see here a bat corpse.
Aiming: Ensorcelled Hibernation (safe; 12% risk of failure)
Press: ? - help, Q - select action Shift-Dir - straight line, f - gnoll
Aim: a gnoll, wielding a +0 flail (chance to affect: 50%)
The gnoll looks drowsy...
The gnoll shouts!
The gnoll hits you with a +0 flail.
You closely miss the gnoll. The gnoll misses you.
You hit the gnoll.
The gnoll is moderately wounded.
The gnoll barely misses you.
You hit the gnoll.
The gnoll is heavily wounded.
The gnoll hits you with a +0 flail!
You hit the gnoll.
The gnoll is severely wounded.
The gnoll hits you with a +0 flail!
* * * LOW HITPOINT WARNING * * *
Casting: Ensorcelled Hibernation (safe; 12% risk of failure)
Confirm with . or Enter, or press ? or * to list all spells.
The spell is quite dangerous to miscast (12% risk of failure)!
Continue anyway?
Aiming: Tukima's Dance (quite dangerous; 12% risk of failure)
Press: ? - help, Shift-Dir - straight line, f/p - gnoll
Aim: a gnoll, wielding a +0 flail (severely wounded, chance to affect: 57%)
The gnoll resists with significant effort.
The gnoll hits you with a +0 flail.
* * * LOW HITPOINT WARNING * * *
Casting: Tukima's Dance (quite dangerous; 12% risk of failure)
Confirm with . or Enter, or press ? or * to list all spells.
You don't have enough magic to cast this spell.
You open the door. The gnoll hits you with a +0 flail!
You die...

#...# #.....# #........
###...####.....####..........
..'.........................#
###...####.....#####.#.##....
##### #....(# #.#.....#.
......# #.##....... .....#
#...†..#...
...#########.....g
...'@gg.†....#...g
...#########...... .. ##..#..
. #..# ##.# .#


You could see 2 gnolls.

Vanquished Creatures
  3 dart slugs (D:1)
  2 bats
  6 endoplasms
  5 giant cockroaches
  5 goblins (D:1)
  4 hobgoblins
  3 jackals (D:1)
  2 kobolds (D:1)
  A quokka (D:1)
  5 ball pythons (D:1)
  2 frilled lizards (D:1)
  5 rats (D:1)
43 creatures vanquished.

Notes
Turn   | Place    | Note
-------+----------+-------------------------------------------
     0 | D:1      | happo123 the Kobold Enchanter began the quest for the Orb.
     0 | D:1      | Reached XP level 1. HP: 10/10 MP: 3/3
   123 | D:1      | Reached XP level 2. HP: 15/15 MP: 5/5
   139 | D:1      | Learned a level 2 spell: Ensorcelled Hibernation
   499 | D:1      | Reached XP level 3. HP: 7/19 MP: 2/6
  1492 | D:1      | Reached XP level 4. HP: 24/24 MP: 7/7
  1500 | D:1      | Reached skill level 1 in Fighting
  1717 | D:1      | Learned a level 3 spell: Tukima's Dance
  1875 | D:2      | HP: 1/25 [gnoll/+0 flail (4)]
  1877 | D:2      | Mangled by a gnoll

Illustrated notes

Levels and vault maps discovered:
D:1:      scummos_arrival_checkerplants, layout_basic, serial_aquarium,
          aquarium_bridge_square [aquarium_subvault_wall,
          aquarium_subvault_bridge, aquarium_subvault_wall,
          aquarium_subvault_wall], aquarium_bridge_long_separate
          [aquarium_subvault_bridge, aquarium_subvault_window,
          aquarium_subvault_bridge, aquarium_subvault_balcony,
          aquarium_subvault_bridge, aquarium_subvault_bridge],
          aquarium_window_corridor_2, aquarium_window_2, aquarium_window_corner,
          aquarium_window_1, aquarium_view_2f, aquarium_balcony_double_1,
          st_stairs_10
D:2:      layout_basic, minmay_misc_feat_more_columns

Skill      XL: |  1  2  3  4 |
---------------+-------------+-----
Short Blades   | 2 |  2.2
Fighting       | 1 |  1.0
Dodging        | |  2.9
Stealth        | |  4.4
Spellcasting   | |  2.6
Hexes          | |  3.5

Action                   |  1- 3 |  4- 6 || total
-------------------------+-------+-------++-------
Melee: Dagger            |   108 |     9 ||   117
       Punch             |     4 |       ||     4
 Cast: Ensorcelled Hiber |    15 |     2 ||    17
       Tukima's Dance    |       |     1 ||     1
 Stab: Sleeping          |    22 |     5 ||    27
Armor: Robe              |    11 |       ||    11
Dodge: Dodged            |    60 |     4 ||    64

Table legend: (Time is in decaauts)
 A = Elapsed time spent in this place.
 B = Non-inter-level travel time spent in this place.
 C = Inter-level travel time spent in this place.
 D = Time resting spent in this place.
 E = Time spent auto-exploring this place.
 F = Levels seen in this place.
 G = Mean time per level.
                   A        B        C        D        E       F      G
               +--------+--------+--------+--------+--------+-----+--------+
         Total |   1866 |   1764 |    102 |    506 |    903 |   2 |  933.0 |
       Dungeon |   1866 |   1764 |    102 |    506 |    903 |   2 |  933.0 |
               +--------+--------+--------+--------+--------+-----+--------+

Top non-repeatable levels by time:
     D:1: 1725 daAuts
     D:2: 140 daAuts
